[Event "Titled Tuesday Blitz March 14 Early 2023"]
[White "Pranav, V"]
[Black "Yurovskykh, Oleksandr"]
[WhiteFideId "25060783"]
[BlackFideId "14134020"]
[WhiteElo "2500"]
[BlackElo "2268"]
[Result "1-0"]
[Round "09"]
[TimeControl "180+2"]
[Date "2023.03.14"]
[WhiteClock "0:01:38"]
[BlackClock "0:01:08"]

1. e4 d5 2. exd5 Qxd5 3. Nc3 Qd8 4. d4 Nf6 5. Nf3 Bg4 6. Be3 e6 7. h3 Bh5 8. Be2 c6 9. Ne5 Bxe2 10. Qxe2 Nbd7 11. a3 Be7 12. O-O-O Qa5 13. Bd2 Qc7 14. g4 Nxe5 15. dxe5 Nd5 16. f4 O-O-O 17. Ne4 Rd7 18. c4 Nb6 19. Ba5 c5 20. Rxd7 Qxd7 21. Bxb6 axb6 22. Rd1 Qc6 23. f5 Rd8 24. Rxd8+ Kxd8 25. f6 gxf6 26. exf6 Bf8 27. Kb1 Qd7 28. Ka2 Qd4 29. g5 Kd7 30. Nc3 Qf4 31. Qd3+ Kc8 32. Qxh7 Qxg5 33. Qxf7 1-0


[Site "https://www.chess.com"]

[Event "Titled Tuesday Blitz March 14 Early 2023"]
[White "Vokhidov, Shamsiddin"]
[Black "Tan, Zhongyi"]
[WhiteFideId "14204223"]
[BlackFideId "8603642"]
[WhiteElo "2570"]
[BlackElo "2519"]
[Result "1-0"]
[Round "09"]
[TimeControl "180+2"]
[Date "2023.03.14"]
[WhiteClock "0:01:46"]
[BlackClock "0:00:39"]

1. e4 c5 2. Nc3 d6 3. Nf3 Nf6 4. e5 dxe5 5. Nxe5 a6 6. a4 Nbd7 7. Nc4 b6 8. d4 Bb7 9. dxc5 bxc5 10. Bf4 g6 11. Qe2 e6 12. O-O-O Qc8 13. Qe3 Be7 14. Nd6+ Bxd6 15. Bxd6 Qc6 16. Be2 Rd8 17. Bf3 Qb6 18. Rhe1 Bxf3 19. Qxf3 Rc8 20. Be5 Ke7 21. Rxd7+ Nxd7 22. Bxh8 1-0


[Site "https://www.chess.com"]

[Event "Titled Tuesday Blitz March 14 Early 2023"]
[White "Al-Tarboush, Ward"]
[Black "Salinas Herrera, Pablo"]
[WhiteFideId "7601450"]
[BlackFideId "3407128"]
[WhiteElo "2257"]
[BlackElo "2550"]
[Result "1-0"]
[Round "09"]
[TimeControl "180+2"]
[Date "2023.03.14"]
[WhiteClock "0:00:49"]
[BlackClock "0:00:05"]

1. e4 c5 2. Nf3 d6 3. d4 cxd4 4. Nxd4 Nf6 5. Nc3 a6 6. h3 e6 7. g4 h6 8. Bg2 g5 9. f4 gxf4 10. Nf3 e5 11. Bd2 Be6 12. Qe2 Nbd7 13. g5 hxg5 14. Nxg5 Nh5 15. Nxe6 Qh4+ 16. Kd1 fxe6 17. Be1 Ng3 18. Qc4 Rh6 19. Rg1 Be7 20. b3 Kf7 21. Kc1 Rhh8 22. Kb2 Rac8 23. Qd3 Nf6 24. Bf3 Rhg8 25. Rd1 b5 26. Ne2 Nfh5 27. Bg4 Rg6 28. Nxg3 Nxg3 29. Bxg3 fxg3 30. Rdf1+ Ke8 31. Rxg3 Kd7 32. Rgf3 Rf6 33. Rxf6 Bxf6 34. Qd5 Re8 35. Qb7+ Kd8 36. Qa8+ Ke7 37. Qa7+ Kf8 38. Qd7 Re7 39. Qxd6 Kg7 40. Bxe6 Qxe4 41. Rg1+ Kh6 42. Rg4 Qf3 43. Qd2+ Kh7 44. Bg8+ Kh8 45. Qh6+ Rh7 46. Qxh7# 1-0


[Site "https://www.chess.com"]

[Event "Titled Tuesday Blitz March 14 Early 2023"]
[White "Cornette, Matthieu"]
[Black "Matinian, Nikita"]
[WhiteFideId "620084"]
[BlackFideId "24129100"]
[WhiteElo "2478"]
[BlackElo "2422"]
[Result "0-1"]
[Round "09"]
[TimeControl "180+2"]
[Date "2023.03.14"]
[WhiteClock "0:00:03"]
[BlackClock "0:00:22"]

1. Nc3 e5 2. e4 Nc6 3. g3 Bc5 4. Bg2 d6 5. Na4 Nge7 6. d3 Bb6 7. Nxb6 axb6 8. f4 f5 9. fxe5 Nxe5 10. Qh5+ N5g6 11. Nf3 fxe4 12. Ng5 exd3 13. O-O Ra5 14. b4 Rf5 15. Bb2 dxc2 16. Be4 Rhf8 17. Bxf5 Rxf5 18. Rae1 Rxf1+ 19. Rxf1 Qd7 20. Qxh7 Qg4 21. Nf7 Bf5 22. Qxg7 Bd3 23. Re1 Kd7 24. Nh6 Qd1 25. Qc3 Ne5 26. Kg2 Nf3 27. Rxd1 cxd1=Q 28. Nf7 Qf1# 0-1


[Site "https://www.chess.com"]

[Event "Titled Tuesday Blitz March 14 Early 2023"]
[White "Zahid, Sanatan"]
[Black "Demin, Vladimir"]
[WhiteFideId "10201963"]
[BlackFideId "4167457"]
[WhiteElo "1865"]
[BlackElo "2623"]
[Result "1-0"]
[Round "09"]
[TimeControl "180+2"]
[Date "2023.03.14"]
[WhiteClock "0:01:06"]
[BlackClock "0:00:01"]

1. d4 d5 2. Nc3 Nf6 3. Bf4 a6 4. e3 e6 5. g4 b5 6. g5 Nfd7 7. Nf3 Bb7 8. Ne2 c5 9. c3 Nc6 10. h4 Nb6 11. Bh3 Bd6 12. a3 Bxf4 13. Nxf4 Qd6 14. Nd3 cxd4 15. cxd4 Nd7 16. h5 a5 17. Qd2 b4 18. axb4 Nxb4 19. Nxb4 axb4 20. Rxa8+ Bxa8 21. h6 g6 22. O-O O-O 23. Ra1 Bc6 24. b3 f5 25. Ne1 Bb5 26. f4 Rc8 27. Rc1 Rxc1 28. Qxc1 Nb6 29. Bf1 Bxf1 30. Kxf1 Qd7 31. Nd3 Qb5 32. Ke2 Nc4 33. Ke1 Nd6 34. Ne5 Kf8 35. Qc7 Qa6 36. Nxg6+ hxg6 37. Qg7+ Ke8 38. h7 Qa1+ 39. Kf2 Ne4+ 40. Kg2 Qb2+ 41. Kh3 Qg2+ 42. Kxg2 1-0


[Site "https://www.chess.com"]

[Event "Titled Tuesday Blitz March 14 Early 2023"]
[White "Sokac, Marko"]
[Black "Hambleton, Aman"]
[WhiteFideId "14531356"]
[BlackFideId "2606577"]
[WhiteElo "2355"]
[BlackElo "2511"]
[Result "0-1"]
[Round "09"]
[TimeControl "180+2"]
[Date "2023.03.14"]
[WhiteClock "0:00:14"]
[BlackClock "0:00:03"]

1. e4 c5 2. a3 e5 3. b4 cxb4 4. axb4 Bxb4 5. c3 Be7 6. d4 d6 7. Nf3 Nf6 8. Bd3 Nc6 9. h3 O-O 10. O-O h6 11. Nbd2 Re8 12. Bb2 Bf8 13. Re1 b6 14. Bb5 Bd7 15. Nc4 exd4 16. cxd4 Nxe4 17. d5 Nb8 18. Bxd7 Nxd7 19. Nd4 Qh4 20. Qf3 Ng5 21. Qf5 Rxe1+ 22. Rxe1 Nc5 23. Ne3 Qe4 24. h4 Qxf5 25. Nexf5 Nge4 26. f3 Nf6 27. Nb5 Nd3 28. Re2 Nxb2 29. Rxb2 Nxd5 30. Rd2 Nb4 31. Rd4 d5 32. Kf1 a5 33. Ne3 Bc5 0-1


[Site "https://www.chess.com"]

[Event "Titled Tuesday Blitz March 14 Early 2023"]
[White "Santos Ruiz, Miguel"]
[Black "Krysa, Leandro"]
[WhiteFideId "22291482"]
[BlackFideId "116807"]
[WhiteElo "2504"]
[BlackElo "2485"]
[Result "1-0"]
[Round "09"]
[TimeControl "180+2"]
[Date "2023.03.14"]
[WhiteClock "0:00:03"]
[BlackClock "0:00:01"]

1. e4 c5 2. Nf3 Nc6 3. d4 cxd4 4. Nxd4 g6 5. c4 Nf6 6. Nc3 d6 7. Be2 Nxd4 8. Qxd4 Bg7 9. Be3 O-O 10. Qd3 a5 11. O-O Bd7 12. b3 Bc6 13. Rab1 Nd7 14. Bd4 Bxd4 15. Qxd4 Qb6 16. Qd2 Qc5 17. Rfe1 Rfd8 18. Nd5 e6 19. Nc3 Nf6 20. Bd3 Kg7 21. Qb2 Qe5 22. g3 g5 23. Rbd1 g4 24. Qd2 h5 25. Nd5 Rh8 26. Bc2 Nh7 27. Nf4 Ng5 28. Re3 Nf3+ 29. Rxf3 gxf3 30. h4 Bxe4 31. Re1 f5 32. Nh3 Qf6 33. Bxe4 fxe4 34. Rxe4 e5 35. Ng5 a4 36. Re3 Rhf8 37. Rxf3 Qg6 38. Rd3 axb3 39. axb3 Ra1+ 40. Kg2 Rf6 41. c5 Qe8 42. cxd6 Qc6+ 43. f3 Rc1 44. d7 Rf8 45. d8=Q Rxd8 46. Ne6+ Kf6 47. Rxd8 Rc2 48. Ng5 Rxd2+ 49. Rxd2 1-0


[Site "https://www.chess.com"]

[Event "Titled Tuesday Blitz March 14 Early 2023"]
[White "Reprintsev, Alexander"]
[Black "Rakhmatullaev, Almas"]
[WhiteFideId "14100541"]
[BlackFideId "14205793"]
[WhiteElo "2229"]
[BlackElo "2221"]
[Result "0-1"]
[Round "09"]
[TimeControl "180+2"]
[Date "2023.03.14"]
[WhiteClock "0:00:02"]
[BlackClock "0:00:07"]

1. e4 e5 2. Nf3 Nc6 3. Bc4 Nf6 4. Ng5 d5 5. exd5 b5 6. Bxb5 Qxd5 7. Nc3 Qxg2 8. Qf3 Qxf3 9. Nxf3 Bd7 10. O-O Bd6 11. Re1 O-O 12. Bxc6 Bxc6 13. Nxe5 Rfe8 14. d4 Bb7 15. Bg5 h6 16. Bxf6 gxf6 17. Nc4 Bf4 18. Ne3 Kh7 19. Ncd5 Rg8+ 20. Kf1 Bg5 21. c4 Rad8 22. Rad1 c6 23. Ne7 Rge8 24. N3f5 Ba6 25. b3 Bb7 26. Rd3 c5 27. d5 Rd7 28. Rf3 a5 29. h4 Bd2 30. Rd1 Bb4 31. Re3 a4 32. Rdd3 axb3 33. axb3 Ba6 34. Kg1 Ba3 35. Kh2 Bb2 36. f4 Bc1 37. Re2 Bxf4+ 38. Kh3 Be5 39. d6 Bb7 40. Rde3 Bf4 41. Rd3 Be5 42. Rde3 h5 43. Nd5 Bxd5 44. cxd5 Rg8 45. Rc2 Rg4 46. Rxc5 Rf4 47. Ne7 Bxd6 48. Rc4 Rxc4 49. bxc4 Bxe7 50. Kg3 Bd6+ 51. Kf3 Kg6 52. Re8 f5 0-1


[Site "https://www.chess.com"]

[Event "Titled Tuesday Blitz March 14 Early 2023"]
[White "Atakhan, Abtin"]
[Black "Ginzburg, Yakov"]
[WhiteFideId "22502203"]
[BlackFideId "4157176"]
[WhiteElo "2008"]
[BlackElo "2305"]
[Result "1-0"]
[Round "09"]
[TimeControl "180+2"]
[Date "2023.03.14"]
[WhiteClock "0:00:07"]
[BlackClock "0:00:03"]

1. c4 c6 2. Nf3 d5 3. d4 Nf6 4. Nc3 dxc4 5. a4 Bf5 6. Ne5 e6 7. f3 Bb4 8. e4 Bxe4 9. fxe4 Nxe4 10. Bd2 Qxd4 11. Nxe4 Qxe4+ 12. Qe2 Bxd2+ 13. Kxd2 c3+ 14. bxc3 Qd5+ 15. Kc2 O-O 16. h4 Na6 17. Nc4 Nc5 18. Qe5 Rfd8 19. Qxd5 cxd5 20. Na5 Rac8 21. Nb3 Ne4 22. Rh3 d4 23. c4 Nd6 24. Nd2 e5 25. Re1 f6 26. g4 Kf7 27. Rb3 b6 28. Rb4 Rc7 29. Bg2 Nb7 30. Bxb7 Rxb7 31. a5 g6 32. Kd3 Ke6 33. Ne4 Rc8 34. axb6 axb6 35. Reb1 Rc6 36. Rb5 f5 37. Nc5+ Rxc5 38. Rxc5 e4+ 39. Kd2 bxc5 40. Rxb7 f4 41. Rxh7 f3 42. Rh8 e3+ 43. Kd3 f2 44. Rf8 Ke7 45. Rf3 Ke6 46. h5 gxh5 47. gxh5 Ke7 48. h6 Ke6 49. h7 1-0


[Site "https://www.chess.com"]

[Event "Titled Tuesday Blitz March 14 Early 2023"]
[White "Gontcharov, Vladislav"]
[Black "Buksa, Nataliya"]
[WhiteFideId "4123492"]
[BlackFideId "14123622"]
[WhiteElo "2470"]
[BlackElo "2316"]
[Result "1-0"]
[Round "09"]
[TimeControl "180+2"]
[Date "2023.03.14"]
[WhiteClock "0:01:35"]
[BlackClock "0:00:23"]

1. d4 d5 2. c4 e6 3. Nc3 Nf6 4. Bg5 Be7 5. e3 h6 6. Bh4 O-O 7. Rc1 c6 8. Nf3 Ne4 9. Bxe7 Qxe7 10. Bd3 Nxc3 11. Rxc3 dxc4 12. Bxc4 b6 13. O-O Bb7 14. Bd3 Nd7 15. Be4 Rac8 16. Qc2 Qd6 17. Rc1 Nf6 18. Bxc6 Bxc6 19. Rxc6 Rxc6 20. Qxc6 Qb4 21. Qc3 Qa4 22. a3 Nd5 23. Qc2 Qb5 24. Ne5 Ne7 25. h3 Rc8 26. Qd2 Rxc1+ 27. Qxc1 f6 28. Qc4 Qxb2 29. Qxe6+ Kh7 30. Qxe7 fxe5 31. dxe5 a5 32. e6 Qa1+ 33. Kh2 Qe5+ 34. g3 Qf5 35. Qf7 Qd5 36. e4 Qxe4 37. e7 1-0


[Site "https://www.chess.com"]

[Event "Titled Tuesday Blitz March 14 Early 2023"]
[White "Dzhumagaliev, Yan"]
[Black "Safin, Robert"]
[WhiteFideId "24100110"]
[BlackFideId "34189120"]
[WhiteElo "2476"]
[BlackElo "2245"]
[Result "0-1"]
[Round "09"]
[TimeControl "180+2"]
[Date "2023.03.14"]
[WhiteClock "0:00:25"]
[BlackClock "0:00:07"]

1. Nf3 b6 2. d4 Nf6 3. h4 Bb7 4. h5 h6 5. c4 e6 6. a3 c5 7. Nc3 cxd4 8. Nxd4 Nc6 9. Ndb5 Qb8 10. Rh4 a6 11. Nd4 Nxd4 12. Qxd4 Bc5 13. Qf4 Qxf4 14. Bxf4 Rc8 15. Be5 Ke7 16. e4 d6 17. Bxf6+ gxf6 18. Rd1 e5 19. Bd3 Bd4 20. Rc1 a5 21. Rc2 Bc6 22. Ne2 Bc5 23. Ng3 Bd7 24. Be2 Rhg8 25. Rd2 Bd4 26. Bd3 Be6 27. Rc2 Rc7 28. Ne2 Bc5 29. g3 Rgc8 30. a4 Bb4+ 31. Kd1 Bxc4 32. Bxc4 Rxc4 33. Rxc4 Rxc4 34. b3 Rc7 35. Rg4 d5 36. exd5 Rd7 37. Nc1 Rxd5+ 38. Ke2 Rd2+ 39. Kf3 Bc5 40. Ke4 Rxf2 41. Kd5 f5 42. Rc4 e4 43. Ke5 Bd6+ 44. Kd5 Rd2+ 45. Kc6 e3 46. Rc3 f4 47. gxf4 Bxf4 48. Nd3 Bg5 49. Ne5 e2 50. Nf3 Rd1 51. Rc4 e1=Q 52. Nxe1 Rxe1 53. Kxb6 Bd2 54. Rc6 Re5 55. Kb7 Rxh5 56. Rc2 Bb4 57. Re2+ Kf8 58. Rg2 Rg5 59. Rh2 Kg7 60. Re2 Kg6 61. Rc2 f6 62. Rc6 h5 63. Rc8 h4 64. Rg8+ Kf5 65. Rh8 Kg4 66. Kc6 h3 67. Rd8 h2 68. Rd4+ Kf3 69. Rd1 Rg1 70. Rd3+ Ke2 71. Rh3 h1=Q+ 72. Rxh1 Rxh1 73. Kb5 Rh3 74. Kc4 Rc3+ 75. Kb5 Kd1 76. Ka6 Kc2 0-1


[Site "https://www.chess.com"]

[Event "Titled Tuesday Blitz March 14 Early 2023"]
[White "Karttunen, Mika"]
[Black "Costachi, Mihnea"]
[WhiteFideId "502081"]
[BlackFideId "1217518"]
[WhiteElo "2396"]
[BlackElo "2456"]
[Result "0-1"]
[Round "09"]
[TimeControl "180+2"]
[Date "2023.03.14"]
[WhiteClock "0:00:51"]
[BlackClock "0:02:07"]

1. e4 g6 2. d4 Bg7 3. Nc3 d6 4. f3 Nf6 5. Be3 a6 6. Qd2 b5 7. a4 b4 8. Nd1 a5 9. c3 bxc3 10. Nxc3 Ba6 11. Nh3 Bxf1 12. Rxf1 O-O 13. Kf2 Na6 14. Kg1 Nb4 15. Nf2 c6 16. Rfd1 Qb8 17. f4 Rc8 18. e5 Nfd5 19. Nfe4 Nxe3 20. Qxe3 Nc2 21. Qh3 Nxa1 22. Rxa1 Qxb2 23. Rf1 d5 24. Ng5 h6 25. Nxf7 Kxf7 26. f5 Rf8 27. f6 exf6 28. exf6 Bxf6 29. Qd7+ Kg8 30. Qe6+ Kg7 0-1


[Site "https://www.chess.com"]

[Event "Titled Tuesday Blitz March 14 Early 2023"]
[White "Kozin, Yuri"]
[Black "Postny, Evgeny"]
[WhiteFideId "4129920"]
[BlackFideId "2804344"]
[WhiteElo "2521"]
[BlackElo "2509"]
[Result "1/2-1/2"]
[Round "09"]
[TimeControl "180+2"]
[Date "2023.03.14"]
[WhiteClock "0:00:08"]
[BlackClock "0:00:06"]

1. e4 c5 2. Nf3 g6 3. d4 Bg7 4. Nc3 cxd4 5. Nxd4 Nc6 6. Be3 Nf6 7. Bc4 O-O 8. Bb3 b6 9. h3 Bb7 10. O-O Na5 11. e5 Ne4 12. Nxe4 Bxe4 13. Re1 Nxb3 14. axb3 Bb7 15. Bf4 Qc8 16. Qd2 Re8 17. Bh6 Bh8 18. c3 Qc5 19. Bf4 Qd5 20. Nf3 Qxb3 21. Qxd7 Bxf3 22. gxf3 Qxb2 23. Rxa7 Qxc3 24. Re3 Qb4 25. Bg5 Rad8 26. Qa4 Qxa4 27. Rxa4 f6 28. Bf4 Rd5 29. exf6 Bxf6 30. Rb4 Rf5 31. Ree4 b5 32. Kg2 Rd8 33. Be3 Kf7 34. Rb3 Rdd5 35. Reb4 h5 36. f4 Ke6 37. Rb1 Kd7 38. Rc1 Bg7 39. Rc2 Bf8 40. Ra2 Ke6 41. Ra6+ Kf7 42. Ra8 Bg7 43. Ra7 Bc3 44. Re4 Bf6 45. Rb4 Rd3 46. Rb7 Rdd5 47. Ra7 h4 48. Re4 Rd3 49. Rb4 Rfd5 50. Rb7 Ke6 51. R4xb5 Rxb5 52. Rxb5 Rd5 53. Rb6+ Kf5 54. Kf3 Ra5 55. Rc6 Rd5 56. Ra6 Rb5 57. Rc6 Rd5 58. Ra6 Rb5 59. Rc6 Rb1 60. Rc5+ Ke6 61. Rc6+ Kf7 62. Ra6 Rh1 63. Kg2 Rd1 64. Rc6 Rd5 65. Ra6 Rf5 66. Ra4 Rb5 67. Rc4 Rd5 68. Rc7 Ke6 69. Rc4 Rb5 70. Re4+ Kf5 71. Rc4 Rd5 72. Kf3 e5 73. fxe5 Rxe5 74. Rg4 Rd5 75. Rc4 Rb5 76. Rg4 g5 77. Rc4 Rd5 78. Rc5 Rxc5 79. Bxc5 Be5 80. Kg2 Kf4 81. Be3+ Kf5 82. Kf3 Bf4 83. Bd4 Bc1 84. Bc5 Bb2 85. Bb6 Bf6 86. Be3 Be7 87. Bd4 Bd6 88. Bb6 Bf4 89. Bd4 Bd6 90. Bb6 Bf4 91. Bd4 1/2-1/2


[Site "https://www.chess.com"]

[Event "Titled Tuesday Blitz March 14 Early 2023"]
[White "Cherniaiev, Tykhon"]
[Black "Degenbaev, Aziz"]
[WhiteFideId "14182360"]
[BlackFideId "13802640"]
[WhiteElo "2450"]
[BlackElo "2152"]
[Result "1-0"]
[Round "09"]
[TimeControl "180+2"]
[Date "2023.03.14"]
[WhiteClock "0:00:02"]
[BlackClock "0:00:03"]

1. Nf3 Nf6 2. d4 g6 3. c4 Bg7 4. Nc3 O-O 5. e4 d6 6. Be2 e5 7. O-O Nc6 8. dxe5 dxe5 9. Qxd8 Rxd8 10. Bg5 Re8 11. Nd5 Nxd5 12. cxd5 Nd4 13. Nxd4 exd4 14. Bd3 c6 15. dxc6 bxc6 16. Rac1 Rb8 17. b3 Bb7 18. Rfd1 Rbc8 19. f3 Re5 20. Bf4 Ra5 21. Rc2 c5 22. Bd2 Ra3 23. Rdc1 Bf8 24. Kf2 a5 25. Bb5 Bc6 26. Bc4 a4 27. Ke2 axb3 28. axb3 Rb8 29. Kd3 Bb5 30. Rb1 Bxc4+ 31. Kxc4 f5 32. exf5 gxf5 33. g4 fxg4 34. fxg4 Ra6 35. Rf1 Rab6 36. Rf3 Re8 37. Ba5 Rb7 38. Rcf2 Bd6 39. h4 1-0


[Site "https://www.chess.com"]

[Event "Titled Tuesday Blitz March 14 Early 2023"]
[White "Wartiovaara, Oliver"]
[Black "Skvortsov, Andrei"]
[WhiteFideId "513024"]
[BlackFideId "24108600"]
[WhiteElo "2214"]
[BlackElo "2259"]
[Result "1-0"]
[Round "09"]
[TimeControl "180+2"]
[Date "2023.03.14"]
[WhiteClock "0:00:07"]
[BlackClock "0:00:44"]

1. d4 d5 2. Nf3 Nf6 3. Bg5 Ne4 4. Bf4 c5 5. e3 Nc6 6. Nbd2 cxd4 7. exd4 Bf5 8. c3 e6 9. Nxe4 Bxe4 10. Ne5 Qb6 11. Qb3 f6 12. Nxc6 bxc6 13. f3 Bg6 14. h4 Kd7 15. h5 Bf7 16. g4 Bd6 17. Bxd6 Kxd6 18. Qa3+ Kd7 19. h6 g5 20. Bd3 Rab8 21. O-O-O Qc7 22. Kc2 Rb6 23. Rhf1 Rb7 24. Rd2 Qd6 25. Qxd6+ Kxd6 26. f4 Bg6 27. fxg5 fxg5 28. Rf6 Rhb8 29. b4 Rg8 30. Re2 Re7 31. Bf5 Bxf5+ 32. gxf5 Rge8 33. Rg2 Kd7 34. Rxg5 e5 35. Rg7 e4 36. Rff7 Rxf7 37. Rxf7+ Re7 38. Rg7 Ke8 39. f6 Rxg7 40. fxg7 Kf7 41. Kd2 Kg8 42. Ke3 Kf7 43. a4 a6 44. c4 Kg8 45. cxd5 cxd5 46. b5 axb5 47. axb5 Kf7 48. b6 1-0


[Site "https://www.chess.com"]

[Event "Titled Tuesday Blitz March 14 Early 2023"]
[White "Rodchenkov, Sergey D."]
[Black "Starozhilov, Leonid"]
[WhiteFideId "4168712"]
[BlackFideId "14106752"]
[WhiteElo "2277"]
[BlackElo "2402"]
[Result "0-1"]
[Round "09"]
[TimeControl "180+2"]
[Date "2023.03.14"]
[WhiteClock "0:00:04"]
[BlackClock "0:01:01"]

1. e4 g6 2. d4 Bg7 3. Nc3 d6 4. Be3 a6 5. h4 h5 6. Nh3 Bxh3 7. Rxh3 Nc6 8. d5 Ne5 9. Bd4 Nf6 10. f4 Neg4 11. Be2 c5 12. dxc6 bxc6 13. Bxg4 hxg4 14. Rh1 Qa5 15. e5 dxe5 16. fxe5 Rd8 17. Rf1 O-O 18. exf6 Bxf6 19. Rxf6 exf6 20. Qxg4 Qb4 21. Rd1 c5 22. a3 Rxd4 23. axb4 Rxg4 24. bxc5 Re8+ 25. Kf1 Rxh4 26. Nd5 Rh1+ 27. Kf2 Rxd1 28. Nxf6+ Kf8 0-1


[Site "https://www.chess.com"]

[Event "Titled Tuesday Blitz March 14 Early 2023"]
[White "Fiorito, Francisco"]
[Black "Horak, Martin"]
[WhiteFideId "180165"]
[BlackFideId "367095"]
[WhiteElo "2341"]
[BlackElo "2091"]
[Result "0-1"]
[Round "09"]
[TimeControl "180+2"]
[Date "2023.03.14"]
[WhiteClock "0:00:04"]
[BlackClock "0:00:05"]

1. d4 Nf6 2. Nc3 d5 3. Bf4 c5 4. e3 cxd4 5. exd4 a6 6. Nf3 Nc6 7. Ne5 e6 8. Be2 Bb4 9. O-O O-O 10. Na4 Bd6 11. Bd3 Nxd4 12. Bxh7+ Kxh7 13. Qxd4 b5 14. Nc5 Qb6 15. b4 Ne4 16. Qd3 Bxc5 17. bxc5 Qxc5 18. Qh3+ Kg8 19. Qg4 Nf6 20. Qe2 Bb7 21. Rad1 d4 22. Rd3 Nd5 23. Bh6 Nc3 24. Qh5 f6 25. Qg6 Qe7 26. Ng4 Qf7 27. Qxf7+ Kxf7 28. Bf4 e5 29. Bg3 Rac8 30. h4 Ne2+ 31. Kh2 Nxg3 32. fxg3 Rxc2 33. Nxe5+ Ke6 34. Ng6 Rd8 35. Nf4+ Kf7 36. Re1 Re8 37. Rxe8 Kxe8 38. Rxd4 Kf7 39. h5 Bc8 40. Rd8 Bf5 41. Ra8 Rxa2 42. Ra7+ Kf8 43. Ra8+ Kf7 44. Ra7+ Kg8 45. Nd5 b4 46. Ne7+ Kh7 47. Nxf5 b3 48. Rxg7+ Kh8 49. Rb7 b2 50. Ne3 a5 51. Nc4 a4 52. Rxb2 Rxb2 53. Nxb2 a3 54. Nd3 a2 55. Nf4 a1=Q 56. Kh3 Qd4 57. Ne6 Qd7 0-1


[Site "https://www.chess.com"]

[Event "Titled Tuesday Blitz March 14 Early 2023"]
[White "Filgueira, Hernan"]
[Black "Martic, Ivan"]
[WhiteFideId "101770"]
[BlackFideId "929301"]
[WhiteElo "2363"]
[BlackElo "2360"]
[Result "0-1"]
[Round "09"]
[TimeControl "180+2"]
[Date "2023.03.14"]
[WhiteClock "0:00:12"]
[BlackClock "0:00:31"]

1. c4 c6 2. d4 d5 3. e3 Nf6 4. Nc3 a6 5. a4 e6 6. Nf3 a5 7. Bd3 Na6 8. O-O Nb4 9. Be2 Be7 10. b3 O-O 11. Bb2 b6 12. Ne5 Nd7 13. f4 Nxe5 14. dxe5 Bc5 15. Rf3 Ba6 16. cxd5 cxd5 17. Bxa6 Rxa6 18. Nb5 Ra8 19. Kh1 Rc8 20. f5 exf5 21. Rxf5 Bxe3 22. Qf3 d4 23. Rf1 Qd7 24. Ba3 Rc2 25. Bxb4 axb4 26. Nd6 f6 27. Qd5+ Kh8 28. e6 Qe7 29. Qe4 Rc5 30. Rxc5 bxc5 31. Nf5 Qe8 32. e7 Rf7 33. Nxe3 Rxe7 34. Qd5 dxe3 35. Qxc5 e2 36. Re1 h6 37. Qf2 Re4 38. a5 Qe6 39. h3 Qxb3 40. Kh2 Qe6 41. Qb6 Qxb6 42. axb6 Re6 43. b7 Rb6 44. Rxe2 Rxb7 0-1


[Site "https://www.chess.com"]

[Event "Titled Tuesday Blitz March 14 Early 2023"]
[White "littlepillow2010"]
[Black "Kim, Sergey"]
[BlackFideId "13700570"]
[WhiteElo "2409"]
[BlackElo "2611"]
[Result "1-0"]
[Round "09"]
[TimeControl "180+2"]
[Date "2023.03.14"]
[WhiteClock "0:00:02"]
[BlackClock "0:00:19"]

1. e4 e5 2. Nf3 Nc6 3. Bb5 a6 4. Ba4 Nf6 5. O-O b5 6. Bb3 Bc5 7. c3 d6 8. a4 Rb8 9. d4 Bb6 10. axb5 axb5 11. Na3 Bg4 12. Nxb5 O-O 13. Re1 h6 14. d5 Ne7 15. c4 Ng6 16. h3 Bd7 17. Ba4 Nh5 18. Be3 Nhf4 19. Bxb6 Rxb6 20. Qb3 f5 21. c5 Rb8 22. c6 Bc8 23. exf5 Bxf5 24. Qe3 Kh8 25. Ra2 Nxd5 26. Qd2 Nb6 27. Bd1 Be6 28. Ra1 Nc4 29. Qb4 Nf4 30. b3 Nb6 31. Qd2 Nbd5 32. Nc3 Qf6 33. Ne4 Qg6 34. Nh4 Qf7 35. Kh2 Qe7 36. Nf3 Bf5 37. Ra7 Ra8 38. Rxa8 Rxa8 39. g3 Nxh3 40. Qxd5 Bxe4 41. Qxe4 Nxf2 42. Qh4 Qe8 43. Be2 Qxc6 44. Rf1 Qb6 45. g4 Ne4 46. Kh1 Ra2 47. Bd3 Nf2+ 48. Rxf2 Qxf2 49. Qd8# 1-0


[Site "https://www.chess.com"]

[Event "Titled Tuesday Blitz March 14 Early 2023"]
[White "polandchessplayer"]
[Black "Valle Maytin, Luis Enrique"]
[BlackFideId "3503666"]
[WhiteElo "2597"]
[BlackElo "2225"]
[Result "1-0"]
[Round "09"]
[TimeControl "180+2"]
[Date "2023.03.14"]
[WhiteClock "0:00:02"]
[BlackClock "0:00:10"]

1. d4 Nf6 2. c4 e6 3. Nc3 Bb4 4. e3 O-O 5. Bd2 d5 6. Nf3 Nbd7 7. Rc1 a6 8. Bd3 dxc4 9. Bxc4 b5 10. Bd3 Bb7 11. O-O Rc8 12. a4 c6 13. e4 c5 14. e5 Bxc3 15. bxc3 Be4 16. Bg5 Bxd3 17. exf6 gxf6 18. Bh6 Bxf1 19. Qxf1 Kh8 20. Bxf8 Nxf8 21. a5 Ng6 22. h4 h5 23. Qe2 cxd4 24. Nxd4 Rc5 25. Rd1 Qxa5 26. Nb3 Qxc3 27. Nxc5 Qxc5 28. Qf3 Kg7 29. g3 a5 30. Qb7 a4 31. Rb1 Ne5 32. Qxb5 Qc2 33. Ra1 Ng4 34. Rf1 Ne5 35. Ra1 Qe4 36. Qxa4 Nf3+ 37. Kf1 Nd2+ 38. Kg1 Nf3+ 39. Kh1 Nd4+ 40. Kh2 Nf3+ 41. Kh3 Qf5+ 42. Kg2 Ne5 43. Qf4 Qd3 44. Re1 Qd5+ 45. Qe4 Qd6 46. Re2 Nd7 47. Qf3 Ne5 48. Qxh5 Qd5+ 49. f3 Qd1 50. Rf2 Nd3 51. Qb5 Nxf2 52. Kxf2 Qd2+ 53. Qe2 Qd4+ 54. Qe3 Qb2+ 55. Kg1 Qb1+ 56. Kg2 Qc2+ 57. Kh3 Qd1 58. Kg2 Qc2+ 59. Qf2 Qd1 60. g4 Qd5 61. Kg3 Qd1 62. h5 Qd6+ 63. Kg2 Qd5 64. Qh4 Qg5 65. Qg3 Qd5 66. Kh3 e5 67. g5 Qe6+ 68. Kh4 fxg5+ 69. Qxg5+ Kh7 70. Qg4 Qf6+ 71. Kg3 Qh6 72. Qf5+ Kg7 73. Kg4 Qf6 74. Qe4 Qe6+ 75. Kg5 f6+ 76. Kh4 f5 77. Qb7+ Kh6 78. Qc7 Qf6+ 79. Kg3 Kxh5 80. Qc8 Qg6+ 81. Kf2 Kg5 82. Qd8+ Kf4 83. Qd2# 1-0


[Site "https://www.chess.com"]

[Event "Titled Tuesday Blitz March 14 Early 2023"]
[White "Klepikov, Nikita"]
[Black "Vlassov, Nikolai"]
[WhiteFideId "24145220"]
[BlackFideId "4103360"]
[WhiteElo "2025"]
[BlackElo "2324"]
[Result "0-1"]
[Round "09"]
[TimeControl "180+2"]
[Date "2023.03.14"]
[WhiteClock "0:00:04"]
[BlackClock "0:00:44"]

1. e4 c5 2. Nf3 d6 3. d4 cxd4 4. Nxd4 Nf6 5. Nc3 g6 6. Be3 a6 7. a4 Nbd7 8. Be2 Qc7 9. O-O Bg7 10. a5 O-O 11. f4 b5 12. axb6 Nxb6 13. Qd3 e5 14. Nb3 Be6 15. Na5 d5 16. fxe5 Nxe4 17. Nxe4 dxe4 18. Qxe4 Bxe5 19. Kh1 Nd5 20. Bh6 Rfe8 21. Nc4 Bxh2 22. Qd4 f6 23. Rxf6 Nxf6 24. Qxf6 Qf7 25. Qd4 Rad8 26. Qc3 Bb8 27. Rf1 Qc7 28. b3 Qh2# 0-1


[Site "https://www.chess.com"]

[Event "Titled Tuesday Blitz March 14 Early 2023"]
[White "Garv Gaur"]
[Black "Tarasova, Viktoriya"]
[WhiteFideId "45030839"]
[BlackFideId "4175840"]
[WhiteElo "2068"]
[BlackElo "2182"]
[Result "0-1"]
[Round "09"]
[TimeControl "180+2"]
[Date "2023.03.14"]
[WhiteClock "0:00:31"]
[BlackClock "0:00:08"]

1. Nf3 Nf6 2. g3 b6 3. Bg2 Bb7 4. O-O c5 5. b3 e6 6. Bb2 Be7 7. c4 O-O 8. d4 cxd4 9. Qxd4 Nc6 10. Qd2 Qc7 11. Nc3 a6 12. Rfd1 Rfd8 13. Rac1 Rac8 14. h4 Qb8 15. Qe3 Ba8 16. Qd3 d5 17. cxd5 Nb4 18. Qd4 Bc5 19. Qf4 Qxf4 20. gxf4 Nbxd5 21. e3 Nxc3 22. Bxc3 Ba3 23. Rxd8+ Rxd8 24. Bxf6 gxf6 25. Rc7 Bc5 26. Kh2 a5 27. Kg3 Be4 28. Bf1 Rd1 29. Bc4 Bxf3 30. Kxf3 Rh1 31. Kg3 Rg1+ 32. Kh2 Rd1 33. Kg3 Rg1+ 34. Kf3 Rh1 35. f5 Rxh4 36. fxe6 fxe6 37. Bxe6+ Kf8 38. Kg3 Rh6 39. Bf5 Bd6+ 40. Kg4 Bxc7 41. Be4 Ke7 42. Bd3 Rh2 43. Kf3 Rh1 44. Be4 Ra1 45. a4 h5 46. Bg6 h4 47. Bd3 Rg1 48. Bf5 Kd6 49. Bc8 Kc5 50. Be6 Kb4 51. Bc4 h3 0-1


[Site "https://www.chess.com"]